 Dungeon Crawl Stone Soup version 0.28-a0-1312-g71652a0310 (webtiles) character file.

Game seed: 17862683505073985972

7721 dolemite99 the Fey Dwarf (level 11, -2/88 HPs)
             Began as a Deep Dwarf Fighter on Dec 28, 2021.
             Was an Initiate of Yredelemnul.
             Killed by divine providence
             ... invoked by an orc priest
              (8 damage)
             ... on level 10 of the Dungeon.
             The game lasted 00:15:12 (9864 turns).

dolemite99 the Fey Dwarf (Deep Dwarf Fighter)       Turns: 9864, Time: 00:15:13

Health: -2/88      AC: 10    Str: 24    XL:     11   Next: 0%
Magic:  15/15      EV:  9    Int:  9    God:    Yredelemnul [......]
Gold:   457        SH:  4    Dex: 12    Spells: 10/10 levels left

rFire   . . .      SeeInvis .   a - +2 war axe (elec)
rCold   . . .      Faith    .   c - +0 buckler
rNeg    . . .      Spirit   .   j - +0 scale mail
rPois   .          Reflect  .   (no helmet)
rElec   .          Harm     .   d - +1 cloak
rCorr   .          Rampage  .   (no gloves)
Will    +....                   A - +0 pair of boots
Stlth   ..........              (no amulet)
HPRegen 0.00/turn               (no ring)
MPRegen 0.14/turn               (no ring)

@: studying Short Blades
A: damage resistance, heal wounds, sense surroundings 2, no regeneration
a: Heal Wounds, Renounce Religion, Recall Undead Harvest


You were on level 10 of the Dungeon.
You worshipped Yredelemnul.
Yredelemnul was pleased with you.
You visited 1 branch of the dungeon, and saw 10 of its levels.

You collected 457 gold pieces.

Inventory:

Hand Weapons
 a - a +2 war axe of electrocution (weapon)
 b - a +0 hunting sling of freezing
 g - a +2 flail of protection
 D - a +2 hunting sling of freezing
Missiles
 r - 21 poisoned darts (quivered)
 t - 97 sling bullets
 u - 3 boomerangs of dispersal
 w - 327 stones
 y - 9 boomerangs
 B - 6 curare-tipped darts
Armour
 c - a +0 buckler (worn)
 d - a +1 cloak (worn)
 j - a +0 scale mail (worn)
 p - a +0 kite shield
 A - a +0 pair of boots (worn)
Magical Staves
 C - a staff of conjuration
Jewellery
 v - a ring of ice
Wands
 f - a wand of flame (12)
 x - a wand of charming (4)
 E - a wand of polymorph (3)
Scrolls
 l - a scroll of identify {@r1}
 o - a scroll of magic mapping
 s - a scroll of noise
Potions
 h - a potion of resistance {unknown}
 i - a potion of ambrosia {unknown}
 k - 2 potions of magic
 m - 3 potions of curing
 n - a potion of mutation {unknown}
 q - 6 potions of lignification
 z - a potion of brilliance {unknown}


   Skills:
 - Level 2.6 Fighting
 - Level 13.5 Axes
 - Level 3.2 Armour
 - Level 3.2 Shields
 + Level 14.9 Invocations


You had 10 spell levels left.
You didn't know any spells.
Your spell library contained the following spells:

 Spells                   Type           Power      Damage    Failure   Level
 Animate Skeleton         Necr           0%         N/A       71%         1
 Apportation              Tloc           0%         N/A       71%         1
 Summon Small Mammal      Summ           0%         N/A       71%         1
 Scorch                   Fire           0%         2d5       85%         2
 Call Canine Familiar     Summ           0%         N/A       97%         3
 Dazzling Flash           Conj/Hex       0%         N/A       97%         3
 Portal Projectile        Hex/Tloc       0%         N/A       97%         3
 Flame Wave               Conj/Fire      0%         2d4       100%        4
 Iskenderun's Mystic Bla  Conj/Tloc      0%         2d3       100%        4
 Leda's Liquefaction      Hex/Erth       0%         N/A       100%        4
 Agony                    Necr           0%         N/A       100%        5
 Silence                  Hex/Air        0%         N/A       100%        5
 Dispersal                Tloc           0%         N/A       100%        6
 Starburst                Conj/Fire      0%         6d3       100%        6
 Summon Cactus Giant      Summ           0%         N/A       100%        6
 Disjunction              Tloc           0%         N/A       100%        8


Dungeon Overview and Level Annotations

Branches:
Dungeon (10/15)            Temple (0/1) D:5            Lair (0/6) D:9
    Orc (0/2) D:10

Altars:
Okawaru
Yredelemnul

Shops:
D:2 [   D:4 *

Annotations:
D:8 3 runed translucent doors, exclusion: ice statue, blackbelt's ghost, novice DjFE


Innate Abilities, Weirdness & Mutations

You are resistant to damage.
You can heal yourself by infusing magical energy.
You passively map the area around you.
You do not regenerate.


Message History

The yak closely misses you.
You hit the yak. Lightning courses through the yak!
You kill the yak!
The orc warrior hits you but does no damage.
You slash the orc warrior!
The orc warrior is moderately wounded.
The orc warrior hits you with a +0 flail!
You slash the orc warrior!
Lightning courses through the orc warrior!!
You kill the orc warrior!
Things that are here:
a +0 flail; a +0 plate armour
Things that are here:
a +0 flail; a +0 plate armour You now have 457 gold pieces (gained 24).
You see here a +0 dagger.
You see here a +0 dagger.
Found a staircase to the Orcish Mines.
An orc warrior comes into view. It is wielding a +0 battleaxe.
An orc comes into view. It is wielding a +0 trident.
The orc shouts!
You hear a shout!
An orc priest comes into view. It is wielding a +0 flail.
An orc comes into view. It is wielding a +0 mace.
You see here a +0 dagger.
You slash the orc warrior!
The orc warrior is moderately wounded.
You block the orc warrior's attack.
You barely miss the orc warrior.
The orc warrior is moderately wounded.
The orc warrior hits you with a +0 battleaxe!!
* * * LOW HITPOINT WARNING * * *
You slash the orc warrior!
Lightning courses through the orc warrior!
You kill the orc warrior!
A black mist starts to gather...
The orc barely misses you.
You have reached level 11!
The orc priest mumbles some strange prayers to Beogh against you.
Beogh smites you!
You die...
Your body rises from the dead as a mindless zombie.

#######
.......#############
.......<......Z.@o.#
..######.#########o#
#.# ##.# , #Y# #.o#
* #o# #.## #o# #)# #
* , ..###### #.# ..
, ** *
..$.....##o#.# , #
..$.....#....# ≈ ≈


You could see an orc priest, an orc and a friendly orc warrior zombie.

Vanquished Creatures
  A two-headed ogre (D:8)
  Joseph (D:7)
  A hornet (D:8)
  17 yaks
  2 steam dragons
  Menkaure (D:6)
  2 acid dragons (D:9)
  4 water moccasins
  6 orc warriors
  2 ice beasts
  A sky beast (D:7)
  A black bear (D:6)
  2 ogres (D:5)
  A phantom (D:4)
  2 bullfrogs (D:6)
  2 scorpions
  A water moccasin skeleton (D:4)
  2 howler monkeys (D:10)
  4 orc priests
  Crazy Yiuf (D:3)
  4 hounds
  2 iguanas (D:5)
  6 orc wizards
  2 howler monkey zombies
  7 adders
  13 gnolls
  A howler monkey skeleton (D:7)
  A white imp (D:5)
  An ufetubus (D:6)
  3 worms
  6 dart slugs
  37 orcs
  2 endoplasms (D:4)
  4 giant cockroaches
  9 goblins
  6 hobgoblins
  6 jackals
  10 kobolds
  5 quokkas
  6 ball pythons
  8 bats
  7 frilled lizards
  A rat (D:3)
201 creatures vanquished.

Vanquished Creatures (collateral kills)
  A wyvern (D:9)
  A steam dragon (D:9)
  A yak (D:8)
  A kobold brigand (D:8)
  A bullfrog (D:9)
  A gnoll sergeant (D:8)
  2 orc priests (D:9)
  An orc wizard (D:6)
  A killer bee zombie (D:5)
  A howler monkey zombie (D:5)
  3 gnolls
  An orc (D:9)
  A kobold (D:8)
16 creatures vanquished.

Vanquished Creatures (others)
  A two-headed ogre zombie (D:8)
  A water moccasin zombie (D:8)
  3 yak zombies (D:10)
  A hound zombie (D:5)
  2 howler monkey zombies (D:10)
  An adder zombie (D:5)
  An orc (D:9)
  2 gnoll zombies (D:6)
  2 kobold zombies (D:8)
  3 orc zombies
  5 fungi
  3 plants
25 creatures vanquished.

Grand Total: 242 creatures vanquished

Notes
Turn   | Place    | Note
-------+----------+-------------------------------------------
     0 | D:1      | dolemite99 the Deep Dwarf Fighter began the quest for the
                  | Orb.
     0 | D:1      | Reached XP level 1. HP: 20/20 MP: 1/1
    62 | D:1      | Reached XP level 2. HP: 27/27 MP: 2/2
   420 | D:1      | Reached XP level 3. HP: 22/33 MP: 3/3
   775 | D:2      | Found a faded altar of an unknown god.
   826 | D:2      | Found Gigim's Armour Boutique.
   881 | D:2      | Found a basalt altar of Yredelemnul.
   897 | D:2      | Reached XP level 4. HP: 36/40 MP: 4/4
   898 | D:2      | Reached skill level 5 in Axes
  1499 | D:3      | Reached XP level 5. HP: 32/46 MP: 5/5
  2479 | D:3      | Found a runed translucent door.
  2480 | D:3      | Noticed Crazy Yiuf
  2486 | D:3      | Killed Crazy Yiuf
  3061 | D:4      | Found an iron altar of Okawaru.
  3105 | D:4      | Reached XP level 6. HP: 19/55 MP: 6/6
  3257 | D:4      | Reached XP level 7. HP: 27/61 MP: 7/7
  3597 | D:4      | Found Jaiwuwker's General Store.
  3652 | D:2      | Became a worshipper of Yredelemnul the Dark
  3694 | D:5      | Entered Level 5 of the Dungeon
  3808 | D:5      | Reached * piety under Yredelemnul
  3827 | D:5      | Reached skill level 1 in Invocations
  3839 | D:5      | Found a staircase to the Ecumenical Temple.
  3842 | D:5      | Reached skill level 2 in Invocations
  3940 | D:5      | You fall into a shaft and drop 3 floors!
  3958 | D:8      | Noticed a hornet
  3973 | D:8      | Killed a hornet
  3974 | D:8      | Reached skill level 4 in Invocations
  3974 | D:8      | Reached XP level 8. HP: 46/68 MP: 9/11
  4039 | D:8      | Reached skill level 10 in Axes
  4039 | D:8      | Reached skill level 5 in Invocations
  4623 | D:7      | Reached skill level 6 in Invocations
  4724 | D:7      | Noticed Joseph
  4741 | D:7      | Killed Joseph
  4742 | D:7      | Reached skill level 7 in Invocations
  4750 | D:7      | Gained mutation: You passively map the area around you.
                  | [Deep Dwarf growth]
  4750 | D:7      | Reached XP level 9. HP: 60/74 MP: 14/14
  4917 | D:6      | Reached skill level 8 in Invocations
  5190 | D:6      | Noticed Menkaure
  5195 | D:6      | Killed Menkaure
  5220 | D:6      | Reached skill level 9 in Invocations
  5235 | D:6      | Reached ** piety under Yredelemnul
  6904 | D:8      | Found a runed translucent gate.
  6904 | D:8      | Found a runed translucent gate.
  6906 | D:8      | Found a runed translucent gate.
  6907 | D:8      | Noticed blackbelt's ghost (novice DjFE)
  6907 | D:8      | Noticed a nine-headed hydra
  6924 | D:8      | Noticed a two-headed ogre
  6938 | D:8      | Reached skill level 10 in Invocations
  6939 | D:8      | Killed a two-headed ogre
  6947 | D:8      | Reached skill level 11 in Invocations
  6982 | D:8      | Reached XP level 10. HP: 22/81 MP: 17/17
  7344 | D:8      | Noticed an ice statue
  7786 | D:8      | Reached skill level 12 in Invocations
  8482 | D:9      | Found a staircase to the Lair.
  8525 | D:9      | Reached skill level 13 in Invocations
  9025 | D:10     | Entered Level 10 of the Dungeon
  9045 | D:10     | Noticed an orc knight
  9117 | D:10     | Reached skill level 14 in Invocations
  9845 | D:10     | Found a staircase to the Orcish Mines.
  9864 | D:10     | Reached XP level 11. HP: 6/88 MP: 15/15
  9864 | D:10     | Killed from afar by an orc priest

Illustrated notes

Levels and vault maps discovered:
D:1:      amcnicky_arrival_underground_garden, layout_basic
D:2:      layout_basic, serial_shops, nicolae_diamond_shop, basic_altar,
          hellmonk_ecumenical_altar_prayer_group
D:3:      layout_loops_ring, uniq_crazy_yiuf_cottage
D:4:      layout_basic, mainiacjoe_overflow_tiny_flanked, serial_shops, shop,
          grunt_ministairs_14, serial_park_tiny_2, kennysheep_generic_room_12
D:5:      layout_cave_pods, minmay_temple_entry_ruins
D:6:      layout_basic, uniq_menkaure
D:7:      layout_gridville, hangedman_abyss_or_decor_lesser_grid, uniq_joseph
D:8:      lemuel_ice_statue, layout_loops_corners, gammafunk_ghost_hydra_chop,
          corexii_leaking_fountain
D:9:      layout_big_octagon, dpeg_oklobed_lair, serial_column_ruins,
          column_ruins_grid_1, column_ruins_grid_3, column_ruins_open_small
D:10:     layout_loops_ring, orc_david_3, chequers_serial_rivers_micro_a,
          nicolae_lava_and_water, nrook_mini_vaults

Skill      XL: |  1  2  3  4  5  6  7  8  9 10 |
---------------+-------------------------------+-----
Axes           | 3 4 6 7 8 9 11 12 13 | 13.5
Invocations    | 4 7 11 14 | 14.9
Fighting       | |  2.6
Armour         | |  3.2
Shields        | |  3.2

Action                   |  1- 3 |  4- 6 |  7- 9 | 10-12 || total
-------------------------+-------+-------+-------+-------++-------
Melee: War axe           |    88 |   133 |   170 |   148 ||   539
 Fire: Hunting sling     |       |    24 |       |       ||    24
Throw: Dart              |       |    19 |    17 |     1 ||    37
 Abil: Heal Wounds       |     1 |     4 |     9 |    14 ||    28
Evoke: Wand              |       |       |     4 |     7 ||    11
  Use: Scroll            |       |     9 |     7 |     4 ||    20
       Potion            |       |     1 |     1 |     5 ||     7
 Stab: Invisible         |       |       |       |     1 ||     1
Armor: Scale mail        |    40 |    84 |    63 |    32 ||   219
Dodge: Dodged            |    41 |    68 |    82 |    58 ||   249
Block: Buckler           |    21 |    39 |    31 |    28 ||   119

Table legend: (Time is in decaauts)
 A = Elapsed time spent in this place.
 B = Non-inter-level travel time spent in this place.
 C = Inter-level travel time spent in this place.
 D = Time resting spent in this place.
 E = Time spent auto-exploring this place.
 F = Levels seen in this place.
 G = Mean time per level.
                   A        B        C        D        E       F      G
               +--------+--------+--------+--------+--------+-----+--------+
         Total |   9881 |   9465 |    416 |   2979 |   4393 |  10 |  988.1 |
       Dungeon |   9881 |   9465 |    416 |   2979 |   4393 |  10 |  988.1 |
               +--------+--------+--------+--------+--------+-----+--------+

Top non-repeatable levels by time:
     D:8: 2183 daAuts
     D:3: 1637 daAuts
     D:5: 979 daAuts
     D:4: 928 daAuts
     D:7: 889 daAuts
     D:9: 872 daAuts
     D:1: 638 daAuts
    D:10: 615 daAuts
     D:6: 593 daAuts
     D:2: 544 daAuts
